AoeStats
← Livakovic

Black Forest

509803431Analyzed
3v3 RM · 6d ago on Sep 28, 2026· 65m 16s· 6 players
Game mode
Random Map
Map size
Normal (6 player)
Population
200
Speed
Normal
Resources
Standard
Victory
Conquest
Starting age
Dark Age
Ending age
Imperial Age
RankedLock teamsTeams togetherTeam positionsShared explorationLock speedFull tech treeHidden civsTurbo modeCheats
Victory
Defeat
🇦🇷 Franks · Argentina
694
+15
🇵🇪 Teutons · Peru
678
+15
🇺🇸 Celts · United States
593
+19
🇺🇸 Jurchens · United States
725
-19
🇺🇸 Portuguese · United States
660
-32
🇲🇽 Byzantines · Mexico
595
-14
fathomless33
18:15 Feudal Age
18:56 Double-Bit Axe
18:34 Man-at-Arms
19:37 Arson
28:54 Castle Age
28:19 Gold Mining
28:23 Stone Mining
29:11 Pikeman
29:14 Long Swordsman
29:16 Elite Skirmisher
30:06 Thumb Ring
30:08 Caravan
30:12 Scale Mail Armor
32:20 Wheelbarrow
33:21 Padded Archer Armor
33:31 Gambesons
39:24 Imperial Age
39:38 Ballistics
39:03 Treadmill Crane
41:49 Chemistry
42:21 Halberdier
42:21 Two-Handed Swordsman
44:04 Champion
48:00 Hand Cart
52:45 Arquebus
54:50 Elite Organ Gun
58:02 Bow Saw
Tosko9760
0:31 Loom
13:47 Feudal Age
16:00 Wheelbarrow
18:45 Double-Bit Axe
20:09 Horse Collar
26:36 Castle Age
24:57 Fletching
25:59 Gold Mining
26:00 Stone Mining
26:54 Padded Archer Armor
27:07 Forging
27:06 Scale Barding Armor
27:02 Scale Mail Armor
27:17 Heavy Plow
28:34 Hand Cart
31:47 Treadmill Crane
32:03 Murder Holes
33:48 Ballistics
39:26 Imperial Age
37:25 Crossbowman
39:23 Chain Barding Armor
39:00 Bodkin Arrow
39:40 Iron Casting
39:35 Fortified Wall
42:26 Plate Barding Armor
41:54 Bracer
42:09 Leather Archer Armor
42:10 Chain Mail Armor
42:18 Conscription
42:37 Crop Rotation
42:10 Squires
41:56 Arson
41:57 Gambesons
45:18 Logistica
44:30 Elite Cataphract
44:58 Pikeman
46:09 Caravan
46:20 Elite Skirmisher
50:32 Husbandry
49:53 Light Cavalry
49:54 Heavy Camel Rider
nameBURRITO
12:04 Feudal Age
13:05 Double-Bit Axe
13:32 Horse Collar
19:18 Castle Age
20:48 Bloodlines
20:38 Husbandry
22:26 Bow Saw
22:44 Heavy Plow
23:01 Gold Mining
23:02 Stone Mining
30:43 Fortified Wall
30:54 Ballistics
31:52 Gold Shaft Mining
31:53 Stone Shaft Mining
34:39 Siege Engineers
43:34 Imperial Age
41:50 Scale Barding Armor
41:48 Padded Archer Armor
44:41 Conscription
44:50 Thunderclap Bombs
46:11 Elite Iron Pagoda
48:41 Forging
50:05 Chain Barding Armor
50:06 Leather Archer Armor
SDBFP06!
0:29 Loom
16:34 Feudal Age
21:42 Wheelbarrow
24:17 Castle Age
23:39 Stone Mining
23:33 Horse Collar
23:45 Double-Bit Axe
23:54 Gold Mining
25:50 Hand Cart
25:22 Town Watch
26:55 Stone Shaft Mining
26:55 Gold Shaft Mining
26:34 Heavy Plow
30:26 Bow Saw
31:29 Gold Shaft Mining
31:24 Fortified Wall
31:59 Pikeman
32:25 Gambesons
32:26 Arson
34:30 Town Patrol
38:03 Caravan
41:28 Imperial Age
38:43 Light Cavalry
39:23 Husbandry
39:37 Husbandry
42:36 Conscription
42:08 Stronghold
43:12 Hoardings
43:26 Ballistics
43:09 Halberdier
43:19 Hussar
45:58 Chemistry
45:04 Siege Engineers
45:18 Forging
45:09 Scale Mail Armor
46:04 Furor Celtica
46:06 Onager
46:46 Elite Skirmisher
49:19 Heavy Scorpion
52:50 Elite Woad Raider
56:14 Halberdier
Yuls37
0:28 Loom
13:25 Feudal Age
21:53 Castle Age
21:14 Fishing Lines
21:47 Double-Bit Axe
25:32 Stone Mining
29:34 Gold Mining
29:57 Gillnets
35:08 Imperial Age
33:43 Wheelbarrow
33:42 Town Watch
34:53 Bow Saw
34:58 Town Patrol
35:27 Scale Barding Armor
35:22 Scale Mail Armor
35:18 Elite Teutonic Knight
37:18 Chemistry
36:14 Horse Collar
37:52 Stone Shaft Mining
37:40 Chain Barding Armor
38:13 Hand Cart
39:00 Capped Ram
39:22 Pikeman
40:45 Masonry
40:42 Siege Engineers
41:03 Chain Mail Armor
40:49 Padded Archer Armor
42:08 Ironclad
42:09 Crenellations
42:09 Caravan
42:39 Coinage
44:09 Plate Barding Armor
44:04 Plate Mail Armor
43:17 Cavalier
46:15 Banking
45:55 Guilds
45:34 Onager
46:56 Heavy Plow
48:38 Two-Man Saw
48:17 Bloodlines
49:20 Fortified Wall
49:11 Paladin
50:15 Leather Archer Armor
49:50 Fletching
50:11 Forging
53:54 Siege Onager
55:31 Ring Archer Armor
Livakovic
5:44 Loom
12:05 Feudal Age
15:13 Double-Bit Axe
18:41 Gold Mining
18:46 Stone Mining
22:01 Castle Age
24:23 Gold Shaft Mining
24:21 Caravan
25:32 Bow Saw
27:46 Wheelbarrow
27:00 Town Watch
29:51 Imperial Age
28:07 Squires
27:28 Pikeman
29:10 Husbandry
29:33 Scale Barding Armor
29:51 Forging
30:57 Chain Barding Armor
30:29 Fletching
31:24 Hand Cart
34:07 Town Patrol
33:58 Cavalier
36:35 Iron Casting
36:41 Plate Barding Armor
36:33 Ballistics
37:09 Conscription
37:25 Hoardings
39:05 Blast Furnace
40:08 Bodkin Arrow
40:14 Scale Mail Armor
39:58 Treadmill Crane
41:19 Chemistry
40:30 Masonry
40:16 Murder Holes
40:32 Fortified Wall
41:39 Paladin
43:54 Chain Mail Armor
43:52 Halberdier
44:18 Arson
47:32 Plate Mail Armor
49:13 Padded Archer Armor
49:47 Architecture
53:37 Theocracy
56:21 Sanctity
56:33 Illumination
Connection lost

Rejoining the realm…

Still unreachable

The connection could not be restored.

Session expired

The server has moved on; the page needs a fresh start.